 Dungeon Crawl Stone Soup version 0.22-a0-266-g5fdf0d7 (webtiles) character file.

9284 grindst0ne the Fighter (level 11, -8/117 HPs)
             Began as an Octopode Wizard on Mar 8, 2018.
             Was a High Priest of Ru.
             Mangled by a ten-headed hydra (9 damage)
             ... on level 1 of the Lair of Beasts.
             The game lasted 01:31:46 (15304 turns).

grindst0ne the Fighter (Octopode Wizard)           Turns: 15304, Time: 01:31:47

Health: -8/117     AC:  1    Str: 11    XL:     11   Next: 44%
Magic:  0/17       EV: 20    Int: 22    God:    Ru [*****.]
Gold:   612        SH:  0    Dex: 13    Spells: 7/18 levels left

rFire    x . .     SeeInvis .   i - +2 scimitar (flame)
rCold    x . .     Gourm    .   (no shield)
rNeg     . . .     Faith    .   a - +0 hat
rPois    +         Spirit   .   (no amulet)
rElec    .         Reflect  .   b - ring of resist corrosion
rCorr    +         Harm     .   d - +3 ring of evasion
MR       .....                  H - ring of Orphaoc {+Inv rPois Stlth-}
Stlth    ..........             (no ring)
HPRegen  0.29/turn              (no ring)
MPRegen  0.15/turn              (no ring)
                                (no ring)
                                (no ring)

@: mighty, berserking, exhausted, no scrolls, drained, very quick
A: almost no armour, stealthy swim, amphibious, 8 rings, constrict 8, camouflage
1, gelatinous body 1, inability to read while threatened, inexperienced 1,
temperature sensitive
a: Draw Out Power, Power Leap, Apocalypse, Renounce Religion, Evoke Invisibility


You were on level 1 of the Lair of Beasts.
You worshipped Ru.
Ru was extremely pleased with you.
You were hungry.

You visited 3 branches of the dungeon, and saw 11 of its levels.
You also visited: Bailey.

You collected 612 gold pieces.

Inventory:

Hand Weapons
 i - a +2 scimitar of flaming (weapon)
 y - the +7 spear "Zacly" {holy, -Tele rPois MR+}
   (You found it on level 5 of the Dungeon)

   It has been blessed by the Shining One to cause great damage to the undead
   and demons.
   It protects you from poison.
   It affects your resistance to hostile enchantments.
   It prevents most forms of teleportation.
 z - a +2 falchion of venom
Missiles
 l - 5 tomahawks
 s - 2 throwing nets (quivered)
Armour
 a - a +0 hat (worn)
 B - a +0 shield
 E - a +2 large shield of positive energy
Jewellery
 b - a ring of resist corrosion (left tentacle)
 d - a +3 ring of evasion (right tentacle)
 H - the ring of Orphaoc (on tentacle) {+Inv rPois Stlth-}
   (You found it on level 7 of the Dungeon)

   [ring of loudness]

   It protects you from poison.
   It lets you turn invisible.
   It makes you less stealthy.
Wands
 x - a wand of enslavement (5)
Scrolls
 e - a scroll of amnesia
 f - a scroll of immolation
 g - 2 scrolls of fear {unknown}
 h - 6 scrolls of enchant armour
 m - 4 scrolls of teleportation
 p - 8 scrolls of remove curse
 q - a scroll of fog {unknown}
 r - 3 scrolls of enchant weapon
 I - a scroll of acquirement
Potions
 j - a potion of agility
 o - 2 potions of mutation
 t - a potion of berserk rage
 w - a potion of brilliance
 C - a potion of flight
 D - a potion of invisibility
 J - a potion of resistance
Comestibles
 c - 20 rations


   Skills:
 + Level 8.4(7.2) Fighting
 - Level 8.0(6.7) Dodging
 - Level 5.2(4.0) Stealth
 * Level 7.7(6.5) Shields
 - Level 4.1(3.0) Spellcasting
 - Level 6.3(5.0) Conjurations
 - Level 2.0(0.9) Summonings
 - Level 4.3(3.1) Translocations
 - Level 3.0(1.9) Fire Magic
 - Level 2.0(0.9) Air Magic
 - Level 2.3(1.2) Poison Magic
 - Level 5.0(3.8) Evocations


You had 7 spell levels left.
You knew the following spells:

 Your Spells              Type           Power        Failure   Level  Hunger
a - Magic Dart            Conj           ####         1%          1    None
b - Call Imp              Summ           #.......     13%         2    ##.....
c - Blink                 Tloc           N/A          4%          2    ##.....
d - Mephitic Cloud        Conj/Pois/Air  ##......     14%         3    ###....
e - Conjure Flame         Conj/Fire      ###.....     9%          3    ###....


Dungeon Overview and Level Annotations

Branches:
Dungeon (9/15)             Temple (1/1) D:5            Lair (1/6) D:8
    Orc: D:9-12

Altars:
Ashenzari
Cheibriados
Dithmenos
Elyvilon
Gozag
Ru
Trog
Yredelemnul
The Shining One

Shops:
D:6 }

Annotations:
D:4 2 transporters, exclusion: downstairs
D:6 exclusion: downstairs


Innate Abilities, Weirdness & Mutations

You cannot wear most types of armour.
You are very stealthy in the water. (Stealth+)
You are amphibious.
You can wear up to eight rings at the same time.
You can use your tentacles to constrict eight enemies at once.
Your skin changes colour to match your surroundings (Stealth+).
Your rubbery body absorbs attacks. (AC +1, EV +1)
You cannot read scrolls while threatened.
You are somewhat inexperienced. (-2 XL)
You are sensitive to extremes of temperature. (rF-, rC-)


Message History

Your +2 falchion of venom stops dripping with poison.
Your +2 scimitar of flaming bursts into flame!
i - a +2 scimitar of flaming (weapon)
You feel very mighty all of a sudden.
A red film seems to cover your vision as you go berserk!
You feel yourself moving faster!
You feel mighty!
You feel a strong urge to attack something.
The ten-headed hydra closely misses you.
The ten-headed hydra misses you. The ten-headed hydra bites you!
* * * LOW HITPOINT WARNING * * *
You focus your will and slow the ten-headed hydra in retribution!
The ten-headed hydra barely misses you.
The ten-headed hydra completely misses you.
The ten-headed hydra closely misses you.
The ten-headed hydra barely misses you. The ten-headed hydra bites you!
* * * LOW HITPOINT WARNING * * *
The ten-headed hydra bites you!
* * * LOW HITPOINT WARNING * * *
The ten-headed hydra bites you!
You die...

.......... ........
.......## #.......#
#......## ##.......#
#.......## #.......#
#.@....## ###
#######.D....##########.#
.§..>......!.............
.§.................(.....
.........................
.........................
.........................
.........................
#########.####.####.###.#


You could see a ten-headed hydra.

Vanquished Creatures
  Erica (D:9)
  2 two-headed ogres
  A death yak (D:8)
  3 orc knights (Bailey)
  An orc sorcerer (Bailey)
  A spiny frog (Lair:1)
  A kobold demonologist (Bailey)
  2 hippogriffs (D:7)
  Sigmund (D:2)
  3 yaks
  Eustachio (D:5)
  2 hogs (D:9)
  A human (D:9)
  A steam dragon (D:9)
  2 porcupines
  8 orc warriors
  2 sky beasts
  A phantom (D:5)
  A necrophage (D:9)
  An ogre (D:7)
  A centaur (D:6)
  A crocodile (Lair:1)
  4 bullfrogs
  A scorpion (D:9)
  6 killer bees (D:8)
  3 electric eels (Bailey)
  2 howler monkeys
  3 crimson imps
  A centaur zombie (D:8)
  5 hounds
  A quasit (D:7)
  2 bullfrog skeletons
  2 centaur skeletons
  3 orc priests
  3 orc wizards
  An iguana (D:3)
  5 worker ants
  A killer bee zombie (D:9)
  9 gnolls
  3 adders
  3 river rats (D:8)
  A shadow imp (D:5)
  An ooze (D:3)
  An adder zombie (D:5)
  5 worms
  A dart slug (D:3)
  5 leopard geckos
  15 orcs
  8 giant cockroaches
  15 goblins
  17 hobgoblins
  8 kobolds
  A quokka (D:8)
  5 bats
  7 frilled lizards
  A jackal skeleton (D:4)
  5 rats
  A fungus (Lair:1)
  2 plants (Lair:1)
195 creatures vanquished.

Vanquished Creatures (collateral kills)
  A spiny frog (Lair:1)
  A yak (Lair:1)
  2 orc warriors
  An ice beast (D:5)
  An ogre (D:9)
  A bullfrog (D:9)
  A howler monkey (D:5)
  2 electric eels (Bailey)
  A crimson imp (D:6)
  A quasit (D:9)
  A hound (D:9)
  A jelly (D:6)
  An orc priest (D:5)
  2 worker ants
  A hell rat (D:8)
  A shadow imp (D:9)
  3 worms (D:2)
  3 leopard geckos
  10 orcs
  A bat (D:3)
  A quokka (D:4)
  A rat (D:3)
38 creatures vanquished.

Vanquished Creatures (others)
  A yak (Lair:1)
  A hobgoblin (Bailey)
2 creatures vanquished.

Grand Total: 235 creatures vanquished

Notes
Turn   | Place    | Note
-------+----------+-------------------------------------------
     0 | D:1      | grindst0ne the Octopode Wizard began the quest for the Orb.
     0 | D:1      | Reached XP level 1. HP: 11/11 MP: 4/4
   540 | D:1      | Reached XP level 2. HP: 12/17 MP: 1/6
   764 | D:1      | Learned a level 2 spell: Call Imp
  1143 | D:2      | Reached XP level 3. HP: 12/21 MP: 3/7
  1383 | D:2      | HP: 1/21 [worm (7)]
  2291 | D:2      | Noticed Sigmund
  2492 | D:1      | Learned a level 2 spell: Blink
  2496 | D:1      | Learned a level 3 spell: Mephitic Cloud
  2901 | D:3      | Reached XP level 4. HP: 25/27 MP: 2/9
  2918 | D:3      | Found a sacrificial altar of Ru.
  2932 | D:3      | Became a worshipper of Ru the Awakened
  4404 | D:3      | Reached XP level 5. HP: 32/32 MP: 6/10
  4517 | D:3      | Learned a level 3 spell: Conjure Flame
  4766 | D:4      | Found a shattered altar of Ashenzari.
  4787 | D:4      | Found a transporter.
  4801 | D:4      | Gained mutation: You cannot read scrolls while threatened. [Ru sacrifice]
  4801 | D:4      | Reached * piety under Ru
  4887 | D:4      | Reached skill level 1 in Fighting
  5379 | D:4      | Found a transporter.
  5491 | D:4      | Found a bloodstained altar of Trog.
  5778 | D:2      | Killed Sigmund
  5778 | D:2      | Reached skill level 5 in Stealth
  5778 | D:2      | Reached skill level 1 in Air Magic
  5778 | D:2      | Reached XP level 6. HP: 39/39 MP: 4/12
  5825 | D:5      | Entered Level 5 of the Dungeon
  5831 | D:5      | Noticed an ice beast
  5968 | D:5      | Got an ancient spear
  5969 | D:5      | Identified the +7 spear "Zacly" {holy, -Tele rPois MR+} (You found it on level 5 of the Dungeon)
  6194 | D:5      | Noticed Eustachio
  6239 | D:5      | Killed Eustachio
  6239 | D:5      | Reached XP level 7. HP: 16/45 MP: 13/13
  6594 | D:5      | Reached skill level 1 in Fire Magic
  6643 | D:5      | Found a staircase to the Ecumenical Temple.
  6745 | Temple   | Entered the Ecumenical Temple
  7547 | D:6      | Reached XP level 8. HP: 48/52 MP: 6/14
  7620 | D:6      | Gained mutation: You are somewhat inexperienced. (-2 XL) [Ru sacrifice]
  7620 | D:6      | Reached XP level 7. HP: 46/46 MP: 13/13
  7620 | D:6      | Reached XP level 6. HP: 42/42 MP: 12/12
  7620 | D:6      | Reached ** piety under Ru
  7620 | D:6      | Reached *** piety under Ru
  7700 | D:6      | Found Hocug's Gadget Emporium.
  7993 | D:6      | Noticed a sky beast
  8026 | D:6      | Killed a sky beast
  8026 | D:6      | Reached skill level 1 in Shields
  8150 | D:6      | Found an opulent altar of Gozag.
  8158 | D:6      | Reached XP level 7. HP: 32/47 MP: 13/13
  8978 | D:7      | Reached skill level 5 in Conjurations
  9001 | D:7      | Noticed a hippogriff
  9028 | D:7      | Killed a hippogriff
  9028 | D:7      | Reached XP level 8. HP: 30/54 MP: 7/14
  9131 | D:7      | Noticed a hippogriff
  9151 | D:7      | Killed a hippogriff
  9403 | D:7      | Got a scorched amber ring
  9404 | D:7      | Identified the ring of Orphaoc {+Inv rPois Stlth-} (You found it on level 7 of the Dungeon)
  9440 | D:7      | Found a white marble altar of Elyvilon.
  9466 | D:7      | You fall through a shaft!
  9466 | D:8      | Noticed a two-headed ogre
  9524 | D:8      | Noticed a two-headed ogre
  9635 | D:9      | Reached skill level 1 in Poison Magic
  9635 | D:9      | Reached skill level 1 in Evocations
  9726 | D:9      | Found a flagged portal.
  9756 | Bailey   | Entered a bailey
 10387 | Bailey   | Reached skill level 5 in Fighting
 10403 | Bailey   | Noticed a kobold demonologist
 10403 | Bailey   | Noticed an orc sorcerer
 10508 | Bailey   | Killed a kobold demonologist
 10508 | Bailey   | Reached XP level 9. HP: 61/61 MP: 4/15
 10575 | Bailey   | Killed an orc sorcerer
 10739 | Bailey   | Noticed an orc knight
 10926 | Bailey   | Killed an orc knight
 10926 | Bailey   | Reached skill level 5 in Shields
 11125 | Bailey   | Gained mutation: You are sensitive to extremes of temperature. (rF-, rC-) [Ru sacrifice]
 11125 | Bailey   | Reached **** piety under Ru
 11125 | Bailey   | Reached ***** piety under Ru
 11139 | Bailey   | Found an iron altar of Okawaru.
 11141 | Bailey   | Noticed an orc knight
 11304 | Bailey   | Killed an orc knight
 11684 | Bailey   | Noticed an orc knight
 11712 | Bailey   | Killed an orc knight
 11712 | Bailey   | Reached XP level 10. HP: 69/69 MP: 2/16
 12404 | Bailey   | Reached skill level 5 in Evocations
 13002 | D:9      | Reached skill level 5 in Dodging
 13065 | D:9      | Noticed Erica
 13351 | D:9      | Killed a two-headed ogre
 13549 | D:9      | Killed Erica
 13676 | D:9      | Reached XP level 11. HP: 67/77 MP: 4/17
 13930 | D:8      | Killed a two-headed ogre
 14120 | D:8      | Noticed a death yak
 14196 | D:8      | Noticed a death yak
 14489 | D:8      | Noticed a death yak
 14540 | D:8      | Found a staircase to the Lair.
 14640 | D:8      | Killed a death yak
 14842 | Lair:1   | Entered Level 1 of the Lair of Beasts
 15283 | Lair:1   | Noticed an eight-headed hydra
 15304 | Lair:1   | HP: 1/117 [ten-headed hydra (13)]
 15304 | Lair:1   | Mangled by a ten-headed hydra

Vault maps used:
D:1:      wheals_arrival_linesprint, minmay_misc_feat_plants, dk_noncrumbling_4
D:2:      uniq_sigmund
D:3:      first_ration, st_stairs_6, hex_intersection, nicolae_ru_awakened_eye
D:4:      gammafunk_steamed_eel, kennysheep_little_box,
          overflow_temple_1_default
D:5:      minmay_temple_entry_statues_fountains, uniq_eustachio
D:6:      nicolae_gozag_seed_capital, serial_shops, nicolae_shop_waterfront
D:7:      kennysheep_mini_moat
D:8:      dpeg_lair_monsters
D:9:      enter_bailey_7, grunt_livestock, nicolae_wwwww, uniq_erica
Temple:   hc_temple_tempest_star
Lair:1:   grunt_megastairs_1, serial_bayou_shore_a, uniq_fannar
Bailey:   bailey_axe_of_yendor_kennysheep, bailey

Skill      XL: |  1  2  3  4  5  6  7  8  9 10 11 |
---------------+----------------------------------+-----
Stealth        | 3 4 5 |  5.2
Conjurations   | 2 3 5 6 |  6.3
Fighting       | 1 2 4 5 6 7 8 |  8.4
Summonings     | 2 |  2.0
Spellcasting   | 4 |  4.1
Air Magic      | 1 2 |  2.0
Fire Magic     | 3 |  3.0
Translocations | 3 2 4 |  4.3
Shields        | 1 2 3 5 7 |  7.7
Poison Magic   | 2 |  2.3
Evocations     | 2 4 5 |  5.0
Dodging        | 3 6 8 |  8.0

Action                   |  1- 3 |  4- 6 |  7- 9 | 10-12 || total
-------------------------+-------+-------+-------+-------++-------
Melee: Unarmed           |    14 |       |       |       ||    14
       Constrict         |    16 |    31 |    23 |    20 ||    90
       Tentacles         |    12 |    18 |    20 |    16 ||    66
       Dagger            |    37 |    91 |       |       ||   128
       Whip              |       |     3 |       |       ||     3
       Spear             |       |    46 |   150 |   134 ||   330
       Falchion          |       |       |       |    11 ||    11
 Cast: Magic Dart        |    73 |    62 |    50 |    15 ||   200
       Call Imp          |    11 |    41 |    73 |    45 ||   170
       Mephitic Cloud    |       |     3 |    24 |    32 ||    59
       Conjure Flame     |       |     1 |    12 |     8 ||    21
       Blink             |       |       |       |     1 ||     1
Invok: Sacrifice Words   |       |     1 |       |       ||     1
       Sacrifice Experie |       |     1 |       |       ||     1
       Sacrifice Resista |       |       |     1 |       ||     1
       Power Leap        |       |       |       |     1 ||     1
       Apocalypse        |       |       |       |     1 ||     1
Evoke: Wand              |       |       |     3 |     6 ||     9
  Use: Scroll            |     5 |     2 |     3 |     3 ||    13
       Potion            |     3 |       |       |     9 ||    12
 Stab: Sleeping          |     6 |     6 |     1 |       ||    13
       Confused          |       |     3 |     6 |     8 ||    17
       Distracted        |       |       |     3 |       ||     3
       Invisible         |       |       |       |     1 ||     1
       Paralysed         |       |       |       |     4 ||     4
  Eat: Chunk             |     4 |    10 |    11 |    10 ||    35
       Ration            |     1 |     1 |     2 |     1 ||     5
Armor: Skin              |    28 |    10 |     2 |     1 ||    41
Dodge: Dodged            |    33 |   129 |    72 |   114 ||   348
       Rpst.: Falchion   |       |       |       |     3 ||     3

Table legend:
 A = Spawn XP
 B = Non-spawn XP
 C = Spawn XP percentage of total XP
 D = Spawn monster count
 E = Non-spawn monster count
 F = Spawn count percentage of total count
 G = Total turns spent on level
                    A         B        C        D         E        F      G
               +---------+---------+-------+---------+---------+-------+---------
         Total |       0 |   14170 |   0.0 |       0 |     231 |   0.0 | 15304
               +---------+---------+-------+---------+---------+-------+---------
           D:1 |       0 |      25 |   0.0 |       0 |      14 |   0.0 |  1668
           D:2 |       0 |     260 |   0.0 |       0 |      32 |   0.0 |  1702
           D:3 |       0 |     105 |   0.0 |       0 |      23 |   0.0 |  1490
           D:4 |       0 |     108 |   0.0 |       0 |      12 |   0.0 |  1051
           D:5 |       0 |     697 |   0.0 |       0 |      20 |   0.0 |  1513
           D:6 |       0 |     598 |   0.0 |       0 |      12 |   0.0 |  1287
           D:7 |       0 |     832 |   0.0 |       0 |      11 |   0.0 |   758
           D:8 |       0 |    2705 |   0.0 |       0 |      23 |   0.0 |   991
           D:9 |       0 |    4030 |   0.0 |       0 |      33 |   0.0 |  1321
        Lair:1 |       0 |    1215 |   0.0 |       0 |       8 |   0.0 |   462
        Bailey |       0 |    3595 |   0.0 |       0 |      43 |   0.0 |  2979
               +---------+---------+-------+---------+---------+-------+---------
